 Dungeon Crawl Stone Soup version 0.31-a0-978-g1e143483b6 (webtiles) character file.

Game seed: 10129378915059429267

86405 CowFu the Spry (level 16, -13/100 HPs)
             Began as a Kobold Hunter on Oct 31, 2023.
             Was the Champion of Hepliaklqana.
             Killed from afar by a shock serpent (29 damage)
             ... with a bolt of electricity
             ... on level 1 of the Snake Pit.
             The game lasted 00:49:32 (21365 turns).

CowFu the Spry (Kobold Hunter)                     Turns: 21365, Time: 00:49:33

Health: -13/100    AC:  6    Str: 17    XL:     16   Next: 34%
Magic:  22/22      EV: 40    Int: 12    God:    Hepliaklqana [******]
Gold:   1359       SH:  5    Dex: 26    Spells: 15/15 levels left

rFire   + . .        a - +2 arbalest (heavy)
rCold   . . .        (shield currently unavailable)
rNeg    . . .        s - +1 robe "Nalakau" {*Corrode +Blink Str+8 Dex+2}
rPois   .            x - +1 helmet of Verdant Music {Slay+3}
rElec   .            S - +0 cloak {rF+}
rCorr   .            B - +2 pair of gloves
SInv    +            t - +0 pair of boots
Will    +....        G - amulet of reflection
Stlth   ++++++       n - +5 ring of evasion
HPRegen 0.36/turn    W - ring of see invisible
MPRegen 0.18/turn

%: corrode self (3%), reflection
@: corroded
A: reduced essence, small, no large weapons, nightstalker 3
a: Renounce Religion, Evoke Blink, Recall Ancestor, Ancestor Identity,
Transference, Idealise


You were on level 1 of the Snake Pit.
You worshipped Hepliaklqana.
Hepliaklqana was exalted by your worship.
You visited 5 branches of the dungeon, and saw 21 of its levels.
You also visited: Volcano.

You collected 1597 gold pieces.
You spent 238 gold pieces at shops.

Inventory:

Hand Weapons
 a - a +2 heavy arbalest (weapon)
 b - a +2 short sword
 y - a +0 rapier
Missiles
 R - 3 throwing nets
Armour
 s - the +1 robe "Nalakau" (worn) {*Corrode +Blink Str+8 Dex+2}
   (You found it on level 12 of the Dungeon)

   Str+8:     It affects your strength (+8).
   Dex+2:     It affects your dexterity (+2).
   +Blink:    It lets you blink.
   *Corrode:  It may corrode you when you take damage.
 t - a +0 pair of boots (worn)
 x - the +1 helmet of Verdant Music (worn) {Slay+3}
   (You acquired it on level 11 of the Dungeon)

   Slay+3:    It affects your accuracy & damage with ranged weapons and melee
   (+3).
 B - a +2 pair of gloves (worn)
 Q - a +1 kite shield of fire resistance
 S - a +0 cloak of fire resistance (worn)
 Z - a +1 robe of cold resistance
Jewellery
 j - an amulet of the acrobat
 k - a ring of protection from cold
 n - a +5 ring of evasion (left hand)
 z - a +6 ring of strength
 C - a ring of willpower
 G - an amulet of reflection (around neck)
 T - a ring of protection from cold
 U - a +4 ring of protection
 W - a ring of see invisible (right hand)
Wands
 D - a wand of polymorph (11)
 F - a wand of quicksilver (2)
 J - a wand of roots (14)
 L - a wand of paralysis (17)
 P - a wand of mindburst (7)
Scrolls
 c - a scroll of silence
 i - 2 scrolls of torment
 o - 4 scrolls of teleportation
 u - 3 scrolls of poison
 v - 2 scrolls of fog
 w - a scroll of butterflies
 I - a scroll of immolation
 K - 2 scrolls of amnesia
 O - 3 scrolls of fear
 X - a scroll of brand weapon
 Y - a scroll of blinking
Potions
 d - 7 potions of curing
 e - 3 potions of brilliance
 f - 4 potions of haste
 g - 4 potions of magic
 h - 3 potions of cancellation
 l - 4 potions of heal wounds
 m - 3 potions of mutation
 p - a potion of ambrosia
 q - 4 potions of enlightenment
 A - 5 potions of lignification
 E - a potion of resistance
 H - 5 potions of attraction
 N - a potion of invisibility
 V - 2 potions of might


   Skills:
 + Level 17.4 Fighting
 - Level 18.0 Ranged Weapons
 + Level 18.7 Dodging
 - Level 10.0 Stealth
 - Level 8.0 Invocations


You had 15 spell levels left.
You didn't know any spells.
Your spell library contained the following spells:

 Spells                   Type           Power      Damage    Failure   Level
 Apportation              Tloc           0%         N/A       32%         1
 Necrotise                Necr           0%         1d4       32%         1
 Shock                    Conj/Air       0%         1d3       32%         1
 Sting                    Tmut/Pois      0%         1d3       32%         1
 Summon Small Mammal      Summ           0%         N/A       32%         1
 Cigotuvi's Dreadful Rot  Necr/Pois/Air  0%         N/A       45%         2
 Poisonous Vapours        Pois/Air       0%         N/A       45%         2
 Sublimation of Blood     Necr           0%         N/A       45%         2
 Wereblood                Tmut           0%         N/A       45%         2
 Frozen Ramparts          Ice            0%         1d1       69%         3
 Ignite Poison            Fire/Tmut/Pois 0%         N/A       69%         3
 Summon Guardian Golem    Hex/Summ       0%         N/A       69%         3
 Swiftness                Air            0%         N/A       69%         3
 Airstrike                Air            0%         2d(0-16)  97%         4
 Cause Fear               Hex            0%         N/A       97%         4
 Dimensional Bullseye     Hex/Tloc       0%         N/A       97%         4
 Olgreb's Toxic Radiance  Pois           0%         N/A       97%         4
 Petrify                  Tmut/Erth      0%         N/A       97%         4
 Fireball                 Conj/Fire      0%         3d3       100%        5
 Freezing Cloud           Conj/Ice/Air   0%         6-21      100%        5
 Irradiate                Conj/Tmut      0%         3d11      100%        5
 Metabolic Englaciation   Hex/Ice        0%         N/A       100%        5
 Summon Cactus Giant      Summ           0%         N/A       100%        6
 Summon Hydra             Summ           0%         N/A       100%        7
 Dragon's Call            Summ           0%         N/A       100%        9


Dungeon Overview and Level Annotations

Branches:
Dungeon (12/15)            Temple (1/1) D:5            Lair (5/5) D:10
 Shoals (0/4) Lair:2        Snake (1/4) Lair:3        Slime (0/5) Lair:4
    Orc (2/2) D:9             Elf (0/3) Orc:2       Volcano (visited)

Altars:
Ashenzari
Cheibriados
Dithmenos
Elyvilon
Fedhas
Gozag
Hepliaklqana
Kikubaaqudgha
Makhleb
Nemelex Xobeh
Okawaru
Qazlal
Ru
Sif Muna
Trog
Uskayaw
Vehumet
Wu Jian
Xom
Yredelemnul
Zin
The Shining One
Jiyva

Shops:
D:3 =   Orc:2 =:?(

Annotations:
Snake:1 2 transporters


Innate Abilities, Weirdness & Mutations

Your life essence is reduced to manifest your ancestor. (-10% HP)
You are small and have problems with some larger weapons.
You are completely attuned to the shadows.


Message History

There is an open door, spattered with blood here.
A salamander comes into view. It is wielding a +0 spear.
A salamander is nearby!
A salamander is nearby!
A salamander is nearby!
You shoot a bolt. The bolt hits the salamander!!
The salamander is heavily wounded.
You hear a shout!
A shock serpent comes into view.
You shoot a bolt. Esmond avoids your attack.
The bolt hits the salamander!
The salamander is severely wounded.
The shock serpent shoots out a bolt of lightning at you!
The bolt of electricity hits Esmond!!
The bolt of electricity hits you!!
The shock serpent barely misses Esmond.
The salamander hits you from afar with a +0 spear!
You are engulfed in flames.
You resist.
Esmond hits the shock serpent with a +0 broad axe of flaming!
Esmond burns the shock serpent.
Esmond closely misses the salamander.
The shock serpent's electric aura discharges, shocking Esmond!
The shock serpent shoots out a bolt of lightning at you!
The bolt of electricity hits Esmond!!
Esmond is destroyed!
The bolt of electricity misses you.
You shoot a bolt. The bolt hits the salamander.
The salamander is almost dead.
The salamander completely misses you. x2
You shoot a bolt. The bolt hits the shock serpent!!
The shock serpent is severely wounded.
The shock serpent's electric aura discharges, shocking you!
The shock serpent bites you! The shock serpent shocks you!
* * * LOW HITPOINT WARNING * * *
A naga mage comes into view. It is wielding a +0 spear.
The salamander hits you from afar with a +0 spear.
* * * LOW HITPOINT WARNING * * *
You are engulfed in flames.
You resist.
* * * LOW HITPOINT WARNING * * *
Your corrosive artefact corrodes you!
The shock serpent shoots out a bolt of lightning at you!
The bolt of electricity hits you!!
You die...

N##### .....###
..NS@..## ........#
################....##
...............##....#
................##...#
###########......#...#
# ###...##...# #
..##†##....# #
...#'#..^.##


You could see a salamander, a shock serpent and a naga mage.

Vanquished Creatures
  An orc warlord (D:9)
  Erolcha (Orc:2)
  Harold (Orc:1)
  Erica (D:8)
  2 hydras
  An ogre mage (Orc:2)
  A catoblepas (Lair:2)
  An anaconda (Snake:1)
  A boulder beetle (D:12)
  A two-headed ogre (D:10)
  17 death yaks
  Nergalle (Lair:3)
  Sonja (Lair:2)
  2 skysharks
  A sun demon (Volcano)
  3 lindwurms
  Pikel (D:8)
  8 orc sorcerers
  6 cyclopes
  A wolf spider (Lair:5)
  5 oklob plants (Lair:5)
  A mana viper (Snake:1)
  4 salamanders
  3 ugly things
  4 elephants (Lair:5)
  Maurice (D:11)
  A merfolk siren (Lair:2)
  2 guardian serpents
  A naga mage (Snake:1)
  24 black mambas
  15 cane toads
  Jeremiah (Lair:1)
  An unseen horror (D:10)
  A gargoyle (Volcano)
  A molten gargoyle (Volcano)
  Psyche (D:12)
  A torpor snail (Lair:3)
  2 kobold demonologists (D:10)
  2 rime drakes
  7 komodo dragons
  A red devil (Volcano)
  A meliai (shapeshifter) (D:12)
  5 trolls
  2 polar bears
  2 hornets (Lair:5)
  8 blink frogs
  10 dream sheep
  A shadow (D:9)
  A vampire (D:9)
  2 wraiths
  10 wyverns
  2 fire bats (Volcano)
  2 basilisks (Lair:3)
  33 yaks
  4 wargs
  Grum (D:8)
  Edmund (D:5)
  4 vampire mosquitoes (D:10)
  6 nagas (Snake:1)
  2 acid dragons
  26 water moccasins
  2 hell hounds (Volcano)
  19 orc warriors
  A sky beast (D:8)
  5 black bears
  4 ogres
  2 wolves (D:8)
  2 centaurs (D:9)
  4 kobold brigands
  A lemure (D:8)
  9 bullfrogs
  3 scorpions
  11 wights
  4 killer bees (D:11)
  5 howler monkeys
  3 electric eels
  9 lava snakes
  7 jellies
  11 orc priests
  34 orc wizards
  A sleepcap (D:7)
  3 iguanas
  2 killer bee zombies (D:7)
  An ogre zombie (D:7)
  A mummy (D:7)
  8 gnolls
  7 adders
  A shadow imp (D:6)
  A white imp (D:7)
  2 ufetubi (D:7)
  A worm (D:2)
  3 dart slugs
  67 orcs
  6 bats
  7 endoplasms
  4 giant cockroaches
  7 goblins
  6 hobgoblins
  10 jackals
  33 kobolds
  2 quokkas
  3 ball pythons
  3 frilled lizards
  7 rats
576 creatures vanquished.

Vanquished Creatures (collateral kills)
  A naga warrior (Snake:1)
  3 death yaks
  A hell knight (Volcano)
  A naga ritualist (Snake:1)
  3 orc sorcerers (Orc:2)
  A salamander (Snake:1)
  4 black mambas
  A cane toad (Lair:2)
  An unseen horror (D:12)
  A kobold demonologist (D:10)
  A hornet (Lair:5)
  3 dream sheep
  A blink frog (Lair:5)
  9 yaks
  A wyvern (D:11)
  A basilisk (Lair:5)
  A water moccasin (Lair:5)
  3 orc warriors (Orc:1)
  2 wolves (D:8)
  A centaur (D:11)
  A kobold brigand (D:9)
  A lava snake (Lair:3)
  3 orc priests
  5 orc wizards
  A killer bee zombie (D:7)
  20 orcs
  7 kobolds
78 creatures vanquished.

Vanquished Creatures (others)
  10 knights
  2 ancestors (D:8)
12 creatures vanquished.

Grand Total: 666 creatures vanquished

Notes
Turn   | Place    | Note
-------+----------+-------------------------------------------
     0 | D:1      | CowFu the Kobold Hunter began the quest for the Orb.
     0 | D:1      | Reached XP level 1. HP: 12/12 MP: 1/1
   258 | D:1      | Reached XP level 2. HP: 17/17 MP: 2/2
   425 | D:1      | Reached XP level 3. HP: 17/21 MP: 3/3
  1099 | D:2      | Found a broken altar of Ashenzari.
  1280 | D:2      | Reached XP level 4. HP: 26/26 MP: 4/4
  1973 | D:3      | Reached XP level 5. HP: 30/30 MP: 5/5
  2005 | D:3      | Found Xuddui Poxap's Jewellery Shoppe.
  2403 | D:3      | Found a snail-covered altar of Cheibriados.
  2433 | D:3      | Found a shimmering altar of Xom.
  2568 | D:4      | Noticed a black bear
  2580 | D:4      | Killed a black bear
  2581 | D:4      | Reached XP level 6. HP: 16/35 MP: 6/6
  2905 | D:4      | Reached skill level 10 in Ranged Weapons
  3148 | D:5      | Entered Level 5 of the Dungeon
  3163 | D:5      | Reached XP level 7. HP: 35/40 MP: 7/7
  3489 | D:5      | Found a staircase to the Ecumenical Temple.
  3524 | D:5      | Noticed Edmund
  3528 | D:5      | Killed Edmund
  3530 | D:5      | Reached XP level 8. HP: 30/44 MP: 8/8
  4098 | Temple   | Entered the Ecumenical Temple
  4143 | Temple   | Became a worshipper of Hepliaklqana the Forgotten
  4940 | D:6      | Reached * piety under Hepliaklqana
  5283 | D:7      | Reached XP level 9. HP: 43/43 MP: 9/9
  5469 | D:7      | Reached skill level 15 in Ranged Weapons
  5862 | D:8      | HP: 1/41 [wight/+3 war axe (6)]
  6427 | D:8      | Reached ** piety under Hepliaklqana
  6428 | D:8      | Remembered your ancestor Esmond as a knight
  6559 | D:8      | Noticed Erica
  6569 | D:8      | Killed Erica
  6570 | D:8      | Reached XP level 10. HP: 16/48 MP: 10/10
  6987 | D:8      | Noticed Pikel
  6988 | D:8      | Killed Pikel
  7167 | D:8      | Noticed Grum
  7170 | D:8      | Killed Grum
  7177 | D:8      | Reached skill level 1 in Invocations
  7540 | D:9      | Found a staircase to the Orcish Mines.
  7555 | D:9      | Reached skill level 5 in Stealth
  7695 | D:9      | Reached skill level 5 in Dodging
  7741 | D:9      | Reached XP level 11. HP: 55/55 MP: 12/12
  7835 | D:9      | Reached skill level 5 in Fighting
  8191 | D:10     | Entered Level 10 of the Dungeon
  8369 | D:10     | Reached *** piety under Hepliaklqana
  8937 | D:10     | Noticed a two-headed ogre
  8940 | D:10     | Killed a two-headed ogre
  8946 | D:10     | Noticed a sun demon
  9025 | D:10     | Found a staircase to the Lair.
  9334 | D:11     | Noticed a cyclops
  9513 | D:11     | Identified a scroll of acquirement
  9760 | D:11     | Killed a cyclops
  9828 | D:11     | Noticed Maurice
  9831 | D:11     | Killed Maurice
  9978 | D:11     | Acquired the +1 helmet of Verdant Music {Slay+3}
 10021 | D:12     | Noticed a cyclops
 10023 | D:12     | Killed a cyclops
 10030 | D:12     | Reached XP level 12. HP: 55/65 MP: 13/13
 10061 | D:12     | Reached skill level 10 in Stealth
 10195 | D:12     | Noticed Psyche
 10196 | D:12     | Killed Psyche
 10269 | D:12     | Noticed a boulder beetle
 10275 | D:12     | Killed a boulder beetle
 10431 | D:12     | Identified the +1 robe "Nalakau" {*Corrode +Blink Str+8
                  | Dex+2}
 10638 | D:12     | Reached skill level 10 in Dodging
 10921 | Lair:1   | Identified the "Quen"
 10921 | Lair:1   | Entered Level 1 of the Lair of Beasts
 10921 | Lair:1   | Reached **** piety under Hepliaklqana
 10934 | Lair:1   | Noticed Jeremiah
 10935 | Lair:1   | Killed Jeremiah
 11200 | Lair:1   | Reached skill level 10 in Fighting
 11244 | Lair:1   | Noticed a death yak
 11246 | Lair:1   | Noticed a death yak
 11246 | Lair:1   | Noticed a death yak
 11250 | Lair:1   | Killed a death yak
 11250 | Lair:1   | Noticed a death yak
 11253 | Lair:1   | Killed a death yak
 11259 | Lair:1   | Killed a death yak
 11264 | Lair:1   | Killed a death yak
 11321 | Lair:1   | Reached XP level 13. HP: 75/75 MP: 14/14
 12524 | Lair:2   | Found a staircase to the Shoals.
 12723 | Lair:2   | Noticed a catoblepas
 12724 | Lair:2   | Noticed Sonja
 12757 | Lair:2   | Killed Sonja
 12978 | Lair:2   | Killed a catoblepas
 13681 | Lair:3   | Noticed Nergalle
 13686 | Lair:3   | Killed Nergalle
 13768 | Lair:3   | Reached ***** piety under Hepliaklqana
 13852 | Lair:3   | Found a staircase to the Snake Pit.
 14002 | Lair:3   | Reached XP level 14. HP: 84/84 MP: 15/15
 14102 | Lair:3   | Reached skill level 15 in Dodging
 14651 | Lair:4   | Found a shimmering altar of Xom.
 14674 | Lair:4   | Found a viscous altar of Jiyva.
 14688 | Lair:4   | Found a staircase to the Slime Pits.
 15687 | Lair:5   | Entered Level 5 of the Lair of Beasts
 15695 | Lair:5   | Found a dark tunnel.
 15705 | Volcano  | Entered a volcano
 15852 | Volcano  | Found a radiant altar of Vehumet.
 15859 | Volcano  | Reached skill level 15 in Fighting
 16061 | Volcano  | Identified the +1 leather armour "Witirph" {Int+2}
 17039 | Lair:5   | Reached XP level 15. HP: 92/92 MP: 16/16
 17088 | Lair:5   | Identified the +1 chain mail of Death's Door {rCorr}
 17973 | Lair:5   | Reached skill level 5 in Invocations
 18528 | Orc:1    | Entered Level 1 of the Orcish Mines
 18594 | Orc:1    | Paralysed by an orc sorcerer for 3 turns
 18598 | Orc:1    | Noticed an orc warlord
 18814 | D:9      | Killed an orc warlord
 19147 | Orc:1    | Noticed Harold
 19152 | Orc:1    | Killed Harold
 19358 | Orc:1    | Found a shimmering blue altar of Sif Muna.
 19686 | Orc:2    | Entered Level 2 of the Orcish Mines
 19871 | Orc:2    | Found a staircase to the Elven Halls.
 20078 | Orc:2    | Reached ****** piety under Hepliaklqana
 20137 | Orc:2    | Found Raiki's Antique Weapon Boutique.
 20169 | Orc:2    | Found an ancient bone altar of Kikubaaqudgha.
 20201 | Orc:2    | Found Luthroer's Magic Scroll Shop.
 20207 | Orc:2    | Bought a scroll of brand weapon for 133 gold pieces
 20207 | Orc:2    | Bought a scroll of blinking for 105 gold pieces
 20211 | Orc:2    | Reached XP level 16. HP: 100/100 MP: 21/21
 20226 | Orc:2    | Noticed Erolcha
 20230 | Orc:2    | Killed Erolcha
 20234 | Orc:2    | Found a radiant altar of Vehumet.
 20263 | Orc:2    | Found Fuuduw's Book Shop.
 20427 | Orc:2    | Found Waroiwuw's Jewellery Boutique.
 20806 | Snake:1  | Entered Level 1 of the Snake Pit
 20808 | Snake:1  | Found a transporter.
 20809 | Snake:1  | Found a transporter.
 21365 | Snake:1  | Killed from afar by a shock serpent

Illustrated notes

Levels and vault maps discovered:
D:1:      minmay_arrival_stone_box, layout_loops_ring, hangedman_decor_push,
          chequers_serial_rivers_small_3
D:2:      layout_basic, basic_altar
D:3:      layout_rooms, mainiacjoe_overflow_two_lobes, serial_shops, shop,
          serial_curves, eino_curves_04, eino_curves_03, minmay_puff
D:4:      layout_basic
D:5:      layout_basic, minmay_temple_entry_drinking_statues, uniq_edmund
D:6:      layout_loops_cross
D:7:      layout_basic, dreamdust_princess_corridor, minmay_misc_feat_x,
          chequers_serial_rivers_room_a, minmay_mini_ossuary
D:8:      layout_basic, hangedman_decor_points, kennysheep_nub,
          corexii_checkpoint, uniq_pikel, uniq_erica, uniq_grum
D:9:      layout_basic, david_orc_3
D:10:     layout_basic, david_lair_generic
D:11:     wander_river, layout_rooms, uniq_maurice
D:12:     layout_roguey, uniq_psyche
Temple:   mainiacjoe_temple_cubbyholes
Lair:1:   layout_roguey, nicolae_lair_lil_pond, grunt_megastairs_1,
          uniq_jeremiah
Lair:2:   layout_regular_city, elwin_shoals_entry_rooms, minivault_24,
          uniq_sonja
Lair:3:   cheibrodos_lair_overgrown_chateau, layout_chaotic_city,
          nicolae_snake_entry_warm_welcome, pdpol_lair_neglected_garden,
          infiniplex_staircase_pool_2, uniq_nergalle
Lair:4:   layout_regular_city, nicolae_slime_entry_field_trip, basic_altar,
          serial_bayou, serial_bayou_pond_c, serial_bayou_shore_b,
          serial_bayou_pond_b, serial_bayou_lake_a
Lair:5:   hangedman_lair_tendril_chambers, layout_misc_corridors,
          nicolae_volcano_entry_lava_flow, dpeg_oklob_1
Snake:1:  layout_onion, gammafunk_ghost_wrathful_warriors, serial_shops,
          nicolae_shop_tiny_waterfront, nicolae_snake_serpentine_hallways,
          nicolae_twisty_statue_hallways, uniq_nikola
Orc:1:    layout_diamond_mine, kennysheep_orc_sif_temple, uniq_harold
Orc:2:    kennysheep_orc_mage_school, layout_diamond_mine, basic_altar

Skill      XL: |  1  2  3  4  5  6  7  8  9 10 11 12 13 14 15 16 |
---------------+-------------------------------------------------+-----
Ranged Weapons | 6 7 9 10 11 14 18 | 18.0
Stealth        | 6 9 10 | 10.0
Dodging        | 5 8 11 14 16 18 | 18.7
Fighting       | 4 7 10 13 15 16 17 | 17.4
Invocations    | 2 6 8 |  8.0

Action                     |  1- 3 |  4- 6 |  7- 9 | 10-12 | 13-15 | 16-18 || total
---------------------------+-------+-------+-------+-------+-------+-------++-------
  Melee: Dagger            |       |       |     2 |       |       |       ||     2
         Arbalest          |       |       |       |     1 |       |       ||     1
   Fire: Shortbow          |    84 |   190 |    33 |       |       |       ||   307
         Arbalest          |       |       |   148 |   252 |   586 |    65 ||  1051
 Invoke: Ancestor Life: Kn |       |       |     1 |       |       |       ||     1
         Recall Ancestor   |       |       |       |       |     1 |       ||     1
    Use: Scroll            |       |     1 |    19 |    10 |    11 |       ||    41
         Potion            |       |       |     4 |     1 |       |       ||     5
 Armour: Leather armour    |    27 |    34 |    44 |    60 |       |       ||   165
         Robe              |       |       |       |     2 |    74 |    13 ||    89
  Dodge: Dodged            |    44 |    99 |    70 |   172 |   379 |    47 ||   811
  Block: Other             |       |       |       |     6 |    80 |     5 ||    91
         Reflection        |       |       |       |       |     4 |       ||     4

Table legend: (Time is in decaauts)
 A = Elapsed time spent in this place.
 B = Non-inter-level travel time spent in this place.
 C = Inter-level travel time spent in this place.
 D = Time resting spent in this place.
 E = Time spent auto-exploring this place.
 F = Levels seen in this place.
 G = Mean time per level.
                   A        B        C        D        E       F      G
               +--------+--------+--------+--------+--------+-----+--------+
         Total |  22088 |  20939 |   1149 |     50 |  16146 |  22 | 1004.0 |
       Dungeon |  11555 |  10946 |    609 |      0 |   9137 |  12 |  962.9 |
        Temple |     88 |      2 |     86 |      0 |      0 |   1 |   88.0 |
          Lair |   7050 |   6669 |    381 |     50 |   5039 |   5 | 1410.0 |
     Snake Pit |    579 |    579 |      0 |      0 |    348 |   1 |  579.0 |
  Orcish Mines |   1827 |   1755 |     72 |      0 |    982 |   2 |  913.5 |
       Volcano |    986 |    986 |      0 |      0 |    639 |   1 |  986.0 |
               +--------+--------+--------+--------+--------+-----+--------+

Top non-repeatable levels by time:
  Lair:5: 1743 daAuts
     D:8: 1669 daAuts
  Lair:4: 1590 daAuts
  Lair:2: 1442 daAuts
    D:10: 1241 daAuts
     D:9: 1165 daAuts
  Lair:1: 1141 daAuts
  Lair:3: 1132 daAuts
     D:1: 1009 daAuts
 Volcano: 986 daAuts
   Orc:2: 920 daAuts
   Orc:1: 907 daAuts
    D:12: 903 daAuts
     D:5: 890 daAuts
     D:6: 826 daAuts
